 Dungeon Crawl Stone Soup version 0.28-a0-653-g7e9dba17c3 (webtiles) character file.

Game seed: 14369852548462994137

107 dracfodder the Cudgeller (level 4, -2/29 HPs)
             Began as a Gargoyle Berserker on Oct 11, 2021.
             Was a Believer of Trog.
             Slain by a worm (7 damage)
             ... on level 2 of the Dungeon.
             The game lasted 00:04:58 (1722 turns).

dracfodder the Cudgeller (Gargoyle Berserker)       Turns: 1722, Time: 00:04:58

Health: -2/29      AC:  9    Str: 21    XL:     4   Next: 85%
Magic:  4/4        EV:  6    Int:  8    God:    Trog [**....]
Gold:   17         SH: 10    Dex:  9    Spells: 3/3 levels left

rFire   . . .      SeeInvis .   a - +0 mace
rCold   . . .      Faith    .   d - +0 tower shield
rNeg    + . .      Spirit   .   e - +0 ring mail
rPois   ∞          Reflect  .   (no helmet)
rElec   +          Harm     .   (no cloak)
rCorr   .          Rampage  .   (no gloves)
Will    .....                   (no boots)
Stlth   +.........              (no amulet)
HPRegen 0.09/turn               (no ring)
MPRegen 0.09/turn               (no ring)

@: on berserk cooldown, slowed, very slow
A: sickness immunity, AC +3, negative energy resistance 1, electricity
resistance, torment resistance 1, petrification resistance
a: Renounce Religion, Berserk, Trog's Hand


You were on level 2 of the Dungeon.
You worshipped Trog.
Trog was pleased with you.
You visited 1 branch of the dungeon, and saw 2 of its levels.

You collected 17 gold pieces.

Inventory:

Hand Weapons
 a - a +0 mace (weapon)
Missiles
 c - 19 stones (quivered)
Armour
 d - a +0 tower shield (worn)
 e - a +0 ring mail (worn)


   Skills:
 * Level 4.0 Fighting
 * Level 4.3 Maces & Flails
 + Level 0.3 Throwing
 + Level 2.4 Armour
 + Level 1.8 Dodging
 + Level 0.6 Stealth
 + Level 1.0 Shields


You had 3 spell levels left.
You didn't know any spells.
Your spell library was empty.

Dungeon Overview and Level Annotations

Branches:
Dungeon (2/15)

Altars:


Innate Abilities, Weirdness & Mutations

You are immune to sickness and miasma.
Your stone body is resilient. (AC +3)
You are immune to poison.
You resist negative energy. (rN+)
You are resistant to electric shocks. (rElec)
You are resistant to unholy torment.
You are immune to petrification.


Message History

Trog accepts your kill.
Your Fighting skill increases to level 4!
You sock the quokka!
You kill the quokka!
Trog accepts your kill. The gnoll hits you but does no damage.
The gnoll hits you with a +0 halberd. The gnoll hits you but does no damage.
Things that are here:
a +0 whip; a +0 robe; a gnoll corpse You thump the gnoll!
The gnoll is almost dead.
The gnoll hits you with a +0 halberd. You block the gnoll's attack.
You thump the gnoll!
You kill the gnoll!
Trog accepts your kill. You block the gnoll's attack.
You block the gnoll's attack.
You see here a +0 halberd.
You sock the gnoll!
The gnoll is almost dead.
The gnoll hits you with a +0 halberd!
You sock the gnoll!
You kill the gnoll!
Trog accepts your kill.
Your Shields skill increases to level 1!
You block the worm's attack.
Items here: )) ††.
You hit the worm.
The worm is moderately wounded.
You are no longer berserk.
You are exhausted.
You feel yourself slow down. You block the worm's attack.
You hit the worm.
The worm is heavily wounded.
The worm bites you.
* * * LOW HITPOINT WARNING * * *
You hit the worm but do no damage.
The worm is heavily wounded.
The worm bites you!
You die...

#.# # #.# .#
#.###. #.#.#..
#.#.#.# #.#.#.#
#.#.#)# #.#.#)#
#.#.#@# #.#[#w# #
#.#...#.####.
#...#.#......
#.#........#
#######.#.#......
........#.##.#.#.
........)....# #
#########.####


You could see a worm.

Vanquished Creatures
  A gnoll shaman (D:2)
  4 gnolls (D:2)
  2 dart slugs (D:1)
  2 bats (D:1)
  3 giant cockroaches
  A goblin (D:1)
  A hobgoblin (D:1)
  3 jackals (D:1)
  5 quokkas
  2 ball pythons
  3 frilled lizards
  5 kobolds (D:1)
  5 rats
37 creatures vanquished.

Notes
Turn   | Place    | Note
-------+----------+-------------------------------------------
     0 | D:1      | dracfodder the Gargoyle Berserker began the quest for the
                  | Orb.
     0 | D:1      | Reached XP level 1. HP: 14/14 MP: 1/1
   354 | D:1      | Reached XP level 2. HP: 19/19 MP: 2/2
   863 | D:1      | Reached XP level 3. HP: 24/24 MP: 3/3
  1147 | D:1      | Reached ** piety under Trog
  1690 | D:2      | Reached XP level 4. HP: 29/29 MP: 4/4
  1719 | D:2      | Reached skill level 1 in Shields
  1722 | D:2      | Slain by a worm

Illustrated notes

Levels and vault maps discovered:
D:1:      lightli_arrival_windingriver, layout_basic
D:2:      layout_basic, basic_altar, kennysheep_pointless_box,
          minmay_misc_feat_doors, corexii_corridor_pit, corexii_corridor_pit,
          st_stairs_1, uniq_terence

Skill      XL: |  1  2  3  4 |
---------------+-------------+-----
Maces & Flails | 4 |  4.3
Fighting       | 4 |  4.0
Shields        | 1 |  1.0
Throwing       | |  0.3
Armour         | |  2.4
Dodging        | |  1.8
Stealth        | |  0.6

Action                   |  1- 3 |  4- 6 || total
-------------------------+-------+-------++-------
Melee: Mace              |    98 |    11 ||   109
Throw: Stone             |    14 |       ||    14
Invok: Berserk           |       |     1 ||     1
  Use: Scroll            |     1 |       ||     1
Armor: Animal skin       |    22 |       ||    22
       Ring mail         |    11 |     2 ||    13
Dodge: Dodged            |    62 |     1 ||    63
Block: Tower shield      |    13 |     5 ||    18

Table legend: (Time is in decaauts)
 A = Elapsed time spent in this place.
 B = Non-inter-level travel time spent in this place.
 C = Inter-level travel time spent in this place.
 D = Time resting spent in this place.
 E = Time spent auto-exploring this place.
 F = Levels seen in this place.
 G = Mean time per level.
                   A        B        C        D        E       F      G
               +--------+--------+--------+--------+--------+-----+--------+
         Total |   1771 |   1743 |     28 |    128 |   1196 |   2 |  885.5 |
       Dungeon |   1771 |   1743 |     28 |    128 |   1196 |   2 |  885.5 |
               +--------+--------+--------+--------+--------+-----+--------+

Top non-repeatable levels by time:
     D:1: 1488 daAuts
     D:2: 282 daAuts
